 Dungeon Crawl Stone Soup version 0.30.0-10-gfe55d96785 (webtiles) character file.

Game seed: 13479511665594346719

121 browni3141 the Trooper (level 5, -2/57 HPs)
             Began as an Ogre Cinder Acolyte on May 14, 2023.
             Was a High Priest of Ignis.
             Slain by an orc
             ... wielding a +0 hand axe
              (6 damage)
             ... on level 3 of the Dungeon.
             The game lasted 00:02:15 (2319 turns).

browni3141 the Trooper (Ogre Cinder Acolyte)        Turns: 2319, Time: 00:02:16

Health: -2/57      AC:  4    Str: 20    XL:     5   Next: 5%
Magic:  6/6        EV:  9    Int: 15    God:    Ignis [*****.]
Gold:   130        SH:  0    Dex:  4    Spells: 6/6 levels left

rFire   + . .        J - +2 hammer "Cuhoumyv" {freeze, rElec SInv}
rCold   . . .        (no shield)
rNeg    . . .        b - +0 robe
rPois   .            (helmet restricted)
rElec   +            I - +0 cloak
rCorr   .            (gloves unavailable)
SInv    +            (boots unavailable)
Will    .....        (no amulet)
Stlth   +            (no ring)
HPRegen 0.29/turn    (no ring)
MPRegen 0.10/turn

%: no passive effects
@: no status effects
A: large, unfitting armour, tough skin 1
a: Renounce Religion, Fiery Armour, Foxfire Swarm, Rising Flame


You were on level 3 of the Dungeon.
You worshipped Ignis.
Ignis was extremely pleased with you.
You visited 1 branch of the dungeon, and saw 3 of its levels.

You collected 130 gold pieces.

Inventory:

Hand Weapons
 a - a -1 spear of flaming
 q - a +0 falchion of holy wrath
 s - a +0 hammer of protection
 J - the +2 hammer "Cuhoumyv" (weapon) {freeze, rElec SInv}
   (You found it on level 3 of the Dungeon)

   rElec:     It insulates you from electricity.
   SInv:      It lets you see invisible.
Armour
 b - a +0 robe (worn)
 I - a +0 cloak (worn)
Magical Staves
 n - a staff of air
Scrolls
 c - a scroll of vulnerability {unknown}
 f - a scroll of magic mapping {unknown}
 h - a scroll of butterflies {unknown}
 i - 4 scrolls of identify {unknown}
 m - 2 scrolls of enchant armour {unknown}
 p - a scroll of noise {unknown}
 K - a scroll of teleportation {unknown}
Potions
 d - 2 potions of lignification {unknown}
 e - a potion of magic {unknown}
 g - a potion of curing {unknown}
 j - a potion of brilliance {unknown}
 k - a potion of might {unknown}
 o - a potion of flight {unknown}
 r - a potion of cancellation {unknown}
 t - a potion of attraction {unknown}
 H - 2 potions of heal wounds


   Skills:
 + Level 5.2 Fighting
 * Level 4.9 Polearms
 - Level 1.2 Spellcasting
 - Level 2.6 Fire Magic


You had 6 spell levels left.
You didn't know any spells.
Your spell library contained the following spells:

 Spells                   Type           Power      Damage    Failure   Level
 Scorch                   Fire           16%        2d6       12%         2


Dungeon Overview and Level Annotations

Branches:
Dungeon (3/15)

Altars:
Qazlal


Innate Abilities, Weirdness & Mutations

You are too large for most types of armour.
You have tough skin. (AC +1)


Message History

You hit Crazy Yiuf. You burn Crazy Yiuf.
You kill Crazy Yiuf!
You have reached level 5!
I - a +0 cloak
There is an open translucent door here.
You see here a +4 quarterstaff of chaos.
You start putting on your armour.
You continue putting on your +0 cloak. x4
You finish putting on your +0 cloak.
You see here a +0 hammer.
You see here the +2 hammer "Cuhoumyv" {freeze, rElec SInv}.
J - the +2 hammer "Cuhoumyv" {freeze, rElec SInv} Your -1 spear of flaming stops flaming.
The +2 hammer "Cuhoumyv" {freeze, rElec SInv} glows with a cold blue light!
J - the +2 hammer "Cuhoumyv" (weapon)
{freeze, rElec SInv} You see here a +0 hammer.
There is an open translucent door here.
You see here a +4 quarterstaff of chaos.
You see here a +0 hammer.
You see here a +0 hammer.
You see here a +0 hammer.
You see here a +0 hammer.
You see here a +0 hammer.
Your fiery armour burns out.
Things that are here:
a +0 club; a goblin skeleton
K - a scroll labelled EDUNEVE OSCHO
i - 4 scrolls labelled VEDUFY BELOH (gained 3)
There is a stone staircase leading down here.
You open the door.
Things that are here:
a +0 club; a +0 plate armour You see here a +0 dagger.
A hobgoblin comes into view.
A hobgoblin is nearby!
A hobgoblin is nearby!
An orc wizard and an orc priest come into view.
The orc wizard shouts!
The orc priest shouts!
You hear a shout!
An orc comes into view. It is wielding a +0 mace.
An orc comes into view. It is wielding a +0 hand axe.
A goblin comes into view. It is wielding a +0 club.
The goblin shouts!
The hobgoblin misses you.
You hit the hobgoblin but do no damage.
The hobgoblin hits you but does no damage.
The orc wizard mumbles some strange words.
The orc wizard flickers and vanishes for a moment.
An orc comes into view. It is wielding a +0 hand axe.
The orc shouts!
You hit the orc priest. You freeze the orc priest.
The orc priest is lightly wounded.
The hobgoblin barely misses you.
The orc priest hits you but does no damage.
The orc wizard gestures at you while chanting.
You are confused.
The hobgoblin hits you but does no damage.
A kobold comes into view. It is wielding a +0 whip.
The kobold shouts!
The hobgoblin hits you. The orc priest hits you with a +0 club.
You closely miss the orc. The hobgoblin hits you.
The orc wizard hits you with a +0 dagger.
The orc priest hits you with a +0 club. The orc hits you with a +0 mace.
The orc hits you but does no damage.
You're too confused to move!
The hobgoblin closely misses you. The orc wizard barely misses you.
The orc priest hits you but does no damage.
The orc barely misses you. The orc closely misses you.
You are too confused!
You're too confused to move!
The hobgoblin hits you but does no damage.
The orc wizard hits you but does no damage.
The orc barely misses you. The orc priest misses you.
The orc hits you with a +0 mace. The goblin hits you with a +0 club.
The orc hits you but does no damage.
You miss the orc.
The hobgoblin hits you but does no damage.
The orc wizard hits you with a +0 dagger.
The orc hits you with a +0 hand axe. The goblin closely misses you.
The orc hits you with a +0 mace. The orc hits you with a +0 hand axe.
The orc priest hits you but does no damage.
The orc wizard hits you but does no damage.
The orc hits you with a +0 hand axe.
* * * LOW HITPOINT WARNING * * *
The orc priest barely misses you.
The hobgoblin hits you but does no damage.
The goblin hits you but does no damage. The orc barely misses you.
The orc misses you.
You barely miss the orc.
You feel less confused. The hobgoblin hits you.
* * * LOW HITPOINT WARNING * * *
The orc wizard barely misses you. The orc hits you but does no damage.
The orc priest calls down the wrath of Beogh upon you.
Beogh smites you!
* * * LOW HITPOINT WARNING * * *
The orc hits you with a +0 mace.
* * * LOW HITPOINT WARNING * * *
The goblin hits you with a +0 club.
* * * LOW HITPOINT WARNING * * *
The orc hits you with a +0 hand axe.
You die...

######## ##
##########......# $....
........##......# .....
........##......###.....
........# ..............
........# ............
........######........##
...............ogo......
...........###.o@oK...#
...........###.g.o....#
.....(.......#........#
######+#.....##########
######.#.....#
....##.##....####
....##.##........
....##...........
...###.).........


You could see an orc priest, an orc wizard (invisible), 3 orcs, a hobgoblin, a
goblin and a kobold.

Vanquished Creatures
  Crazy Yiuf (D:3)
  Robin (D:3)
  An adder (D:3)
  A worm (D:2)
  A dart slug (D:2)
  7 orcs (D:3)
  2 bats
  4 endoplasms
  2 giant cockroaches
  16 goblins
  3 hobgoblins
  3 quokkas
  4 ball pythons
  A frilled lizard (D:1)
  4 kobolds
  5 rats
56 creatures vanquished.

Notes
Turn   | Place    | Note
-------+----------+-------------------------------------------
     0 | D:1      | browni3141 the Ogre Cinder Acolyte began the quest for the
                  | Orb.
     0 | D:1      | Reached XP level 1. HP: 24/24 MP: 2/2
   119 | D:1      | Reached XP level 2. HP: 31/32 MP: 3/3
  1266 | D:2      | Reached XP level 3. HP: 40/40 MP: 4/4
  1512 | D:3      | Found a stormy altar of Qazlal.
  1519 | D:3      | Noticed Robin
  1543 | D:3      | Killed Robin
  1544 | D:3      | Reached XP level 4. HP: 6/49 MP: 5/5
  1799 | D:3      | Reached skill level 5 in Fighting
  1879 | D:3      | Found a runed translucent door.
  1880 | D:3      | Noticed Crazy Yiuf
  2146 | D:3      | Killed Crazy Yiuf
  2147 | D:3      | Reached XP level 5. HP: 52/57 MP: 6/6
  2155 | D:3      | Identified the +2 hammer "Cuhoumyv" {freeze, rElec SInv}
  2319 | D:3      | Slain by an orc

Illustrated notes

Levels and vault maps discovered:
D:1:      dpeg_arrival_refuge, layout_basic, st_stairs_5
D:2:      layout_loops_cross
D:3:      layout_basic, nicolae_qazlal_general_emergency, serial_shops,
          nicolae_shop_industrial_runoff, uniq_robin, uniq_crazy_yiuf_cottage,
          uniq_ijyb

Skill      XL: |  1  2  3  4 |
---------------+-------------+-----
Polearms       | 4 |  4.9
Fighting       | 5 |  5.2
Spellcasting   | |  1.2
Fire Magic     | |  2.6

Action                     |  1- 3 |  4- 6 || total
---------------------------+-------+-------++-------
  Melee: Spear             |   100 |    52 ||   152
         Mace              |       |     5 ||     5
 Invoke: Fiery Armour      |     1 |     1 ||     2
    Use: Potion            |       |     1 ||     1
 Armour: Robe              |    33 |    24 ||    57
  Dodge: Dodged            |    41 |    28 ||    69
